 Dungeon Crawl Stone Soup version 0.18-a0-1267-gff090c1 (webtiles) character file.

23 RedPan the Cudgeler (level 3, -4/29 HPs)
             Began as a Human Berserker on Feb 7, 2016.
             Was a Follower of Trog.
             Slain by a worm (11 damage)
             ... on level 2 of the Dungeon.
             The game lasted 00:02:09 (945 turns).

RedPan the Cudgeler (Human Berserker)                Turns: 945, Time: 00:02:09

Health: -4/29      AC:  2    Str: 18    XL:     3   Next: 10%
Magic:  0/3        EV: 12    Int:  7    God:    Trog [*.....]
Gold:   132        SH:  0    Dex: 12    Spells: 0 memorised, 2 levels left

rFire  . . .     SeeInvis .     a - +0 mace
rCold  . . .     Gourm    .     b - +0 animal skin
rNeg   . . .     Faith    .     (no shield)
rPois  .         Spirit   +     (no helmet)
rElec  .         Dismiss  .     (no cloak)
rCorr  .         Reflect  .     (no gloves)
SustAt .         Harm     .     (no boots)
MR     .....                    k - amulet of guardian spirit
Stlth  +.........               (no ring)
                                (no ring)

@: not resistant to hostile enchantments, very unstealthy
A: no striking features
a: Berserk, Burn Spellbooks, Renounce Religion


You were on level 2 of the Dungeon.
You worshipped Trog.
Trog was aware of your devotion.
You were not hungry.

You visited 1 branch of the dungeon, and saw 2 of its levels.

You collected 132 gold pieces.

Inventory:

Hand Weapons
 a - a +0 mace (weapon)
Armour
 b - a +0 animal skin (worn)
Jewellery
 k - an amulet of guardian spirit (around neck)
Scrolls
 d - a scroll of random uselessness {unknown}
 e - 3 scrolls of remove curse {unknown}
 g - 3 scrolls of identify {unknown}
 h - a scroll of enchant armour {unknown}
Potions
 f - a potion of curing {unknown}
 i - 2 potions of magic {unknown}
Books
 j - a Necronomicon

   Spells                             Type                      Level
   a - Haunt                          Necromancy/Summoning         7
   b - Borgnjor's Revivification      Necromancy                   8
   c - Death's Door                   Charms/Necromancy            8
   d - Necromutation                  Transmutation/Necromancy     8
   Trog disapproves of the use of such an item.
 l - an Akashic Record

   Spells                             Type                      Level
   a - Dispersal                      Translocation                6
   b - Malign Gateway                 Summoning/Translocation      7
   c - Disjunction                    Translocation                8
   d - Controlled Blink               Translocation                8
   Trog disapproves of the use of such an item.
Comestibles
 c - a bread ration


   Skills:
 + Level 3.5 Fighting
 + Level 3.6 Maces & Flails
 - Level 2.0 Armour
 - Level 2.0 Dodging


You had 2 spell levels left.
You didn't know any spells.

Dungeon Overview and Level Annotations

Branches:
Dungeon (2/15)

Altars:
Cheibriados
Xom


Message History

You hit the worm.
The worm is lightly wounded.
You barely miss the worm.
The worm is lightly wounded.
The worm bites you but does no damage. The worm barely misses you.
The worm closely misses you. The worm misses you. The worm bites you.
The worm closely misses you. The worm barely misses you. The worm bites you.
The worm closely misses you. The worm bites you! The worm barely misses you.
The worm bites you! The worm bites you.
* * * LOW HITPOINT WARNING * * *
The worm bites you!
You die...

#########
#.....w.#
#@# #.# #.#
#.# #### #.#
... #.# ..#
#.# #.# #.#
##^#
##########.#


You could see a worm.

Vanquished Creatures
  A giant cockroach (D:2)
  4 goblins
  A hobgoblin (D:2)
  2 jackals (D:1)
  A quokka (D:2)
  A ball python (D:2)
  3 bats
  2 giant newts
  5 kobolds
  3 rats
23 creatures vanquished.

Notes
Turn   | Place    | Note
--------------------------------------------------------------
     0 | D:1      | RedPan the Human Berserker began the quest for the Orb.
     0 | D:1      | Reached XP level 1. HP: 18/18 MP: 1/1
   201 | D:1      | Reached XP level 2. HP: 24/24 MP: 2/2
   682 | D:2      | Found a snail-covered altar of Cheibriados.
   806 | D:2      | Reached XP level 3. HP: 16/29 MP: 3/3
   882 | D:2      | Found a shimmering altar of Xom.
   883 | D:2      | Found a shimmering altar of Xom.
   884 | D:2      | Found a shimmering altar of Xom.
   885 | D:2      | Found a shimmering altar of Xom.
   885 | D:2      | Found a shimmering altar of Xom.
   886 | D:2      | Found a shimmering altar of Xom.
   886 | D:2      | Found a shimmering altar of Xom.
   889 | D:2      | Found a shimmering altar of Xom.
   945 | D:2      | Slain by a worm

Vault maps used:
D:1:      minmay_arrival_doors
D:2:      xom_redecorated, overflow_temple_1_default,
          nicolae_overflow_hidden_temple

Action                   || total
-------------------------++-------
Melee: Mace              ||    67
